 Dungeon Crawl Stone Soup version 0.31.0-11-ge490571c62 (webtiles) character file.

Game seed: 15253063271441929629

282 Ivernyr the Shield-Bearer (level 6, -2/49 HPs)
             Began as a Formicid Fighter on Feb 7, 2024.
             Slain by an ufetubus (3 damage)
             ... summoned by Eustachio
             ... on level 4 of the Dungeon.
             The game lasted 00:05:55 (2742 turns).

Ivernyr the Shield-Bearer (Formicid Fighter)        Turns: 2742, Time: 00:05:56

Health: -2/49      AC:  8    Str: 23    XL:     6   Next: 53%
Magic:  6/6        EV:  9    Int:  7    God:
Gold:   157        SH:  5    Dex: 13    Spells: 5/5 levels left

rFire   . . .        a - +0 quarterstaff
rCold   + . .        c - +0 buckler
rNeg    . . .        b - +0 scale mail
rPois   .            (helmet unavailable)
rElec   .            (no cloak)
rCorr   +            p - +0 pair of gloves
SInv    +            (no boots)
Will    .....        (no amulet) Stlth
                     i - ring of protection from cold
HPRegen 0.28/turn    k - ring of resist corrosion
MPRegen 0.10/turn

%: no passive effects
@: no status effects
A: permanent stasis, dig shafts and tunnels, antennae 3, four strong arms
a: Dig, Shaft Self


You were on level 4 of the Dungeon.
You visited 1 branch of the dungeon, and saw 4 of its levels.

You collected 157 gold pieces.

Inventory:

Hand Weapons
 a - a +0 quarterstaff (weapon)
Armour
 b - a +0 scale mail (worn)
 c - a +0 buckler (worn)
 p - a +0 pair of gloves (worn)
Jewellery
 i - a ring of protection from cold (left hand)
 k - a ring of resist corrosion (right hand)
 l - a ring of protection from cold
Wands
 t - a wand of mindburst (16)
 x - a wand of polymorph (8)
Scrolls
 e - 2 scrolls of teleportation {unknown}
 j - a scroll of noise {unknown}
 m - a scroll of identify {unknown}
 n - a scroll of fear {unknown}
 r - a scroll of blinking {unknown}
 s - a scroll of acquirement {unknown}
 w - a scroll of amnesia {unknown}
Potions
 d - a potion of might
 f - a potion of attraction {unknown}
 g - a potion of degeneration {unknown}
 h - 4 potions of mutation {unknown}
 o - a potion of enlightenment {unknown}
 q - 2 potions of magic {unknown}
 u - a potion of curing {unknown}
 v - a potion of lignification {unknown}


   Skills:
 + Level 4.4 Fighting
 * Level 4.2 Staves
 + Level 4.4 Armour
 + Level 5.3 Shields


You had 5 spell levels left.
You didn't know any spells.
Your spell library contained the following spells:

 Spells                   Type           Power      Damage    Failure   Level
 Foxfire                  Conj/Fire      0%         2x1d4     80%         1
 Mercury Vapours          Alch/Air       0%         N/A       90%         2
 Static Discharge         Conj/Air       0%         3-3/arc   90%         2
 Mephitic Cloud           Conj/Alch/Air  0%         N/A       99%         3
 Airstrike                Air            0%         2d(0-16)  100%        4
 Summon Lightning Spire   Summ/Air       0%         N/A       100%        4
 Freezing Cloud           Conj/Ice/Air   0%         6-21      100%        5
 Conjure Ball Lightning   Conj/Air       0%         3x3d6     100%        6
 Plasma Beam              Fire/Air       0%         2x1d10    100%        6
 Starburst                Conj/Fire      0%         6d3       100%        6
 Discord                  Hex            0%         N/A       100%        8
 Disjunction              Tloc           0%         N/A       100%        8


Dungeon Overview and Level Annotations

Branches:
Dungeon (4/15)
 Temple: D:4-7

Altars:
Makhleb
Sif Muna

Annotations:
D:4 Eustachio


Innate Abilities, Weirdness & Mutations

You cannot be hasted, slowed, berserked, paralysed or teleported.
You can dig through walls and to a lower floor.
You have a pair of large antennae on your head. (SInv)
Your four strong arms can wield two-handed weapons with a shield.


Message History

The ufetubus hits you but does no damage.
You block the ufetubus's attack. The iron imp hits you. x2
You block Eustachio's attack.
The ufetubus hits you but does no damage. x2
You hit Eustachio.
Eustachio is lightly wounded.
The ufetubus barely misses you.
The ufetubus hits you but does no damage.
The iron imp hits you! The iron imp barely misses you.
Eustachio completely misses you.
You closely miss Eustachio.
Eustachio is lightly wounded.
The ufetubus hits you. The ufetubus closely misses you.
The iron imp closely misses you. Eustachio hits you but does no damage.
The ufetubus hits you but does no damage.
The ufetubus misses you. You block the iron imp's attack.
You barely miss Eustachio. The ufetubus closely misses you.
You block the ufetubus's attack. Eustachio hits you with a +0 rapier.
The iron imp hits you.
* * * LOW HITPOINT WARNING * * *
The iron imp barely misses you. You block the ufetubus's attack.
The ufetubus hits you but does no damage.
Eustachio hits you with a +0 rapier.
* * * LOW HITPOINT WARNING * * *
You block the iron imp's attack. The ufetubus attacks as it pursues you!
The ufetubus hits you but does no damage. x2
Eustachio hits you but does no damage.
The iron imp disappears for a moment.
Eustachio screams, "This atrocity can only be purified with blood!"
The ufetubus hits you but does no damage.
The ufetubus closely misses you.
The ufetubus hits you but does no damage.
You block the ufetubus's attack. Eustachio hits you with a +0 rapier.
* * * LOW HITPOINT WARNING * * *
You begin to dig a shaft.
You continue digging a shaft.
The ufetubus barely misses you.
The ufetubus hits you but does no damage.
Eustachio barely misses you. The ufetubus hits you.
You die...

#########################
#.........#.............#
#[........#.............#
#=........#.............+
#.........#.......##(..##
#.........+...)†..##'#####
#......5@.#........#......
#......55@#........#......
###'###########...##......
##......###÷.##...##...##.
#.......#>.<......##...##.
#.......#.........##...##.
#.......#......÷..........
#.......#.................
#.......#..)..............
#.......#.................


You could see Eustachio, 2 iron imps and an ufetubus (summoned).

Vanquished Creatures
  A howler monkey (D:3)
  An orc wizard (D:4)
  An iguana (D:4)
  10 adders
  A ribbon worm (D:4)
  4 dart slugs
  6 orcs
  5 endoplasms
  A giant cockroach (D:3)
  11 hobgoblins
  7 jackals
  5 kobolds
  5 quokkas
  8 ball pythons
  10 bats
  3 frilled lizards (D:1)
  5 goblins
  2 rats (D:1)
86 creatures vanquished.

Notes
Turn   | Place    | Note
-------+----------+-------------------------------------------
     0 | D:1      | Ivernyr the Formicid Fighter began the quest for the Orb.
     0 | D:1      | Reached XP level 1. HP: 18/18 MP: 1/1
    30 | D:1      | Reached XP level 2. HP: 6/24 MP: 2/2
   474 | D:1      | Reached XP level 3. HP: 29/29 MP: 3/3
  1076 | D:2      | Reached XP level 4. HP: 33/37 MP: 4/4
  1103 | D:2      | Found a faded altar of an unknown god.
  1741 | D:3      | Found a burning altar of Makhleb.
  1772 | D:3      | Reached XP level 5. HP: 42/42 MP: 5/5
  1865 | D:3      | Reached skill level 5 in Shields
  2245 | D:4      | Reached XP level 6. HP: 48/48 MP: 6/6
  2320 | D:4      | Found a shimmering blue altar of Sif Muna.
  2701 | D:4      | Noticed Eustachio
  2741 | D:4      | HP: 1/49 [Eustachio/+0 rapier (5)]
  2742 | D:4      | Slain by an ufetubus

Illustrated notes

Levels and vault maps discovered:
D:1:      minmay_arrival_diagonal_passages, layout_basic
D:2:      layout_loops_corners, hellmonk_ecumenical_altar_arch_garden
D:3:      layout_basic, lemuel_round_altar, kennysheep_generic_room_16
D:4:      layout_gridville, nicolae_sif_muna_condensation, uniq_sigmund,
          uniq_eustachio

Skill      XL: |  1  2  3  4  5  6 |
---------------+-------------------+-----
Staves         | 3 4 |  4.2
Fighting       | 4 |  4.4
Armour         | 4 |  4.4
Shields        | 5 |  5.3

Action                     |  1- 3 |  4- 6 || total
---------------------------+-------+-------++-------
  Melee: Quarterstaff      |    99 |   177 ||   276
Ability: Shaft Self        |       |     1 ||     1
 Armour: Scale mail        |    79 |   141 ||   220
  Dodge: Dodged            |    44 |    85 ||   129
  Block: Buckler           |    25 |    63 ||    88
